 Dungeon Crawl Stone Soup version 0.20.1-1-g8b1a95d (webtiles) character file.

54 KleinerIrrer the Insei (level 3, 0/34 HPs)
             Began as an Octopode Transmuter on July 3, 2017.
             Slain by an adder (2 damage)
             ... on level 2 of the Dungeon.
             The game lasted 00:04:06 (1693 turns).

KleinerIrrer the Insei (Octopode Transmuter)        Turns: 1693, Time: 00:04:07

Health: 0/34       AC:  1    Str: 14    XL:     3   Next: 91%
Magic:  7/7        EV: 19    Int: 15    God:
Gold:   80         SH:  0    Dex: 18    Spells: 4/7 levels left

rFire    . . .     SeeInvis .   n - -1 hunting sling (curse)
rCold    . . .     Gourm    .   (no shield)
rNeg     . . .     Faith    .   (helmet restricted)
rPois    .         Spirit   .   (no amulet)
rElec    .         Reflect  .   (no ring)
rCorr    .         Harm     .   (no ring)
MR       .....                  (no ring)
Stlth    ..........             (no ring)
Regen    0.2/turn               (no ring)
MPRegen  0.1/turn               (no ring)
                                (no ring)
                                (no ring)

@: agile, berserking, lethally poisoned (0 -> -7), very slightly contaminated,
invisible, very quick
A: almost no armour, stealthy swim, amphibious, 8 rings, constrict 8, camouflage
1, gelatinous body 1
a: no special abilities


You were on level 2 of the Dungeon.
You were not hungry.

You visited 1 branch of the dungeon, and saw 2 of its levels.

You collected 80 gold pieces.

Inventory:

Hand Weapons
 i - a +1 short sword of venom
 n - a cursed -1 hunting sling (weapon)
Missiles
 a - 43 arrows
 j - 11 sling bullets (quivered)
Scrolls
 e - 3 scrolls of identify
 k - a scroll of recharging {unknown}
Potions
 g - a potion of invisibility
Books
 b - a book of Changes

   Spells                             Type                      Level
   a - Beastly Appendage              Transmutation                1
   b - Sticks to Snakes               Transmutation                2
   c - Spider Form                    Transmutation/Poison         3
   d - Ice Form                       Ice/Transmutation            4
   e - Blade Hands                    Transmutation                5
Comestibles
 c - a bread ration
 d - a royal jelly
 h - 5 fruits
 o - a meat ration


   Skills:
 - Level 1.0 Fighting
 * Level 2.1 Dodging
 - Level 3.4 Unarmed Combat
 * Level 2.8 Spellcasting
 * Level 2.8 Transmutations


You had 4 spell levels left.
You knew the following spells:

 Your Spells              Type           Power        Failure   Level  Hunger
a - Beastly Appendage     Tmut           ##....       6%          1    #......
b - Sticks to Snakes      Tmut           ##......     10%         2    ##.....


Dungeon Overview and Level Annotations

Branches:
Dungeon (2/15)

Altars:
Cheibriados


Innate Abilities, Weirdness & Mutations

You cannot wear most types of armour.
You are very stealthy in the water. (Stealth+)
You are amphibious.
You can wear up to eight rings at the same time.
You can use your tentacles to constrict eight enemies at once.
Your skin changes colour to match your surroundings (Stealth+).
Your rubbery body absorbs attacks. (AC +1, EV +1)


Message History

* * * LOW HITPOINT WARNING * * *
You feel sick. The adder closely misses you.
The adder bites you but does no damage.
You fade into invisibility!
* * * LOW HITPOINT WARNING * * *
You feel sick. The adder closely misses you.
You are very lightly contaminated with residual magic.
It was a potion of agility.
You feel agile all of a sudden.
* * * LOW HITPOINT WARNING * * *
You feel sick. The adder closely misses you.
It was a potion of berserk rage.
A red film seems to cover your vision as you go berserk!
You feel yourself moving faster!
You feel mighty! The adder closely misses you. x2
You barely miss the adder. You grab the adder.
The adder is moderately wounded.
You constrict the adder.
* * * LOW HITPOINT WARNING * * *
You feel sick. The adder bites you.
You die...

######### #...(.S.#
#@################
####.#.......##...... #
#......#####.##.#####
#.##.##.#.#####.##.#####
#.......#.............##
####.####.#####.##.##.##
#.# #.#####.##.##.## #.#
#.......##...... #.#
#############.##


You could see an adder.

Vanquished Creatures
  A gnoll (D:1)
  A worm (D:2)
  A leopard gecko (D:2)
  A ball python (D:1)
  3 giant cockroaches (D:1)
  4 goblins
  2 hobgoblins (D:1)
  4 jackals (D:2)
  2 kobolds (D:1)
  A quokka (D:2)
  12 bats
  3 frilled lizards
  2 rats
37 creatures vanquished.

Notes
Turn   | Place    | Note
-------+----------+-------------------------------------------
     0 | D:1      | KleinerIrrer the Octopode Transmuter began the quest for the Orb.
     0 | D:1      | Reached XP level 1. HP: 13/13 MP: 3/3
   221 | D:1      | Reached XP level 2. HP: 18/18 MP: 3/5
   244 | D:1      | Learned a level 2 spell: Sticks to Snakes
   338 | D:1      | Reached XP level 3. HP: 21/23 MP: 6/6
  1343 | D:2      | Found a snail-covered altar of Cheibriados.
  1693 | D:2      | Slain by an adder

Action                   || total
-------------------------++-------
Melee: Unarmed           ||    10
       Tentacles         ||     6
       Constrict         ||    18
       Kick              ||    13
       Short sword       ||    42
       Punch             ||     1
       Hunting sling     ||     3
 Fire: Hunting sling     ||    37
 Cast: Beastly Appendage ||    14
       Sticks to Snakes  ||     2
  Use: Scroll            ||     4
       Potion            ||     3
 Stab: Sleeping          ||     6
  Eat: Chunk             ||     3
Armor: Skin              ||    14
Dodge: Dodged            ||    65
